 Dungeon Crawl Stone Soup version 0.21.1-1-g345015f (webtiles) character file.

33166 RudyRod the Carver (level 13, -7/79 HPs)
             Began as a Demonspawn Fighter on Apr 14, 2018.
             Was a High Priest of Okawaru.
             Killed by divine providence
             ... invoked by a smoke demon
              (14 damage)
             ... on level 3 of the Abyss.
             The game lasted 01:07:09 (17274 turns).

RudyRod the Carver (Demonspawn Fighter)            Turns: 17274, Time: 01:07:10

Health: -7/79      AC: 20    Str: 16      XL:     13   Next: 35%
Magic:  28/28      EV: 12    Int: 11      God:    Okawaru [*****.]
Gold:   955        SH:  0    Dex:  6 (9)  Spells: 20/21 levels left

rFire    + . .     SeeInvis .   a - +1 long sword
rCold    . . .     Gourm    .   c - +1 shield
rNeg     + + .     Faith    .   r - +0 pearl dragon scales
rPois    +         Spirit   .   (helmet unavailable)
rElec    .         Reflect  .   E - +1 cloak {rPois}
rCorr    .         Harm     .   p - +0 pair of gloves
MR       +....     Rnd*Tele +   X - +1 pair of boots {run}
Stlth    ..........             N - amulet of rage
HPRegen  0.23/turn              G - ring of magical power
MPRegen  0.21/turn              (no ring)

@: confused, about to teleport, quick
A: horns 3, repulsion field 1, [clumsy 2], [deterioration 2], fire resistance 1,
[frail 2], magic resistance 1, negative energy resistance 1, spiny 1,
teleportitis 1, [weak 2], flame cloud immunity
a: Heroism, Finesse, Renounce Religion, Evoke Berserk Rage


You were on level 3 of the Abyss.
You worshipped Okawaru.
Okawaru was extremely pleased with you.
You were hungry.

You visited 2 branches of the dungeon, and saw 15 of its levels.
You visited the Abyss 1 time.

You collected 955 gold pieces.

Inventory:

Hand Weapons
 a - a +1 long sword (weapon)
 d - a +0 falchion
 y - a +2 halberd of chopping
Armour
 b - a +0 scale mail
 c - a +1 shield (worn)
 m - a +3 plate armour of poison resistance
 p - a +0 pair of gloves (worn)
 r - +0 pearl dragon scales (worn)
 v - a +0 troll leather armour
 E - a +1 cloak of poison resistance (worn)
 P - +0 ice dragon scales
 U - a +2 ring mail of poison resistance
 X - a +1 pair of boots of running (worn)
Jewellery
 D - an uncursed ring of ice
 G - a ring of magical power (left hand)
 N - an amulet of rage (around neck)
 T - an uncursed ring of flight
Wands
 i - a wand of disintegration (13)
 B - a wand of polymorph (16)
 F - a wand of flame (67)
 I - a wand of paralysis (25)
 J - a wand of digging (16)
 Y - a wand of enslavement (10)
Scrolls
 g - 2 scrolls of identify
 k - 11 scrolls of teleportation
 n - 4 scrolls of enchant armour
 q - 3 scrolls of fog
 t - 3 scrolls of blinking
 w - 2 scrolls of fear
 x - 3 scrolls of amnesia
 C - 4 scrolls of remove curse
 K - a scroll of magic mapping
 W - a scroll of enchant weapon
Potions
 e - 4 potions of lignification
 l - 4 potions of brilliance
 o - a potion of haste
 u - 2 potions of agility
 z - a potion of heal wounds
 A - 4 potions of might
 L - a potion of resistance
 R - a potion of flight
 V - 2 potions of curing
 Z - 2 potions of cancellation
Books
 h - a book of Conjurations

   Spells                             Type                      Level
   a - Magic Dart                     Conjuration                  1
   b - Searing Ray                    Conjuration                  2
   c - Dazzling Spray                 Conjuration/Hexes            3
   d - Fulminant Prism                Conjuration/Hexes            4
   e - Force Lance                    Conjuration/Translocation    4
   f - Iskenderun's Mystic Blast      Conjuration                  4
 j - a book of Party Tricks

   Spells                             Type                      Level
   a - Summon Butterflies             Summoning                    1
   b - Apportation                    Translocation                1
   c - Lesser Beckoning               Translocation                3
   d - Tukima's Dance                 Hexes                        3
   e - Alistair's Intoxication        Transmutation/Poison         5
   f - Invisibility                   Hexes                        6
 s - a book of Callings

   Spells                             Type                      Level
   a - Summon Small Mammal            Summoning                    1
   b - Call Imp                       Summoning                    2
   c - Call Canine Familiar           Summoning                    3
   d - Summon Guardian Golem          Hexes/Summoning              3
   e - Summon Lightning Spire         Summoning/Air                4
   f - Summon Ice Beast               Ice/Summoning                4
 M - a book of Battle

   Spells                             Type                      Level
   a - Infusion                       Charms                       1
   b - Shroud of Golubria             Charms/Translocation         2
   c - Song of Slaying                Charms                       2
   d - Spectral Weapon                Hexes/Charms                 3
   e - Regeneration                   Charms/Necromancy            3
 O - a book of Maledictions

   Spells                             Type                      Level
   a - Corona                         Hexes                        1
   b - Ensorcelled Hibernation        Hexes/Ice                    2
   c - Confuse                        Hexes                        3
   d - Tukima's Dance                 Hexes                        3
   e - Dazzling Spray                 Conjuration/Hexes            3
 Q - a book of Annihilations

   Spells                             Type                      Level
   a - Poison Arrow                   Conjuration/Poison           6
   b - Chain Lightning                Conjuration/Air              8
   c - Lehudib's Crystal Spear        Conjuration/Earth            8
   d - Glaciate                       Conjuration/Ice              9
   e - Fire Storm                     Conjuration/Fire             9
 S - a book of Flames

   Spells                             Type                      Level
   a - Flame Tongue                   Conjuration/Fire             1
   b - Throw Flame                    Conjuration/Fire             2
   c - Conjure Flame                  Conjuration/Fire             3
   d - Inner Flame                    Hexes/Fire                   3
   e - Sticky Flame                   Conjuration/Fire             4
   f - Fireball                       Conjuration/Fire             5
Comestibles
 f - 15 rations


   Skills:
 + Level 8.5 Fighting
 + Level 11.4 Long Blades
 + Level 8.9 Armour
 * Level 8.9 Dodging
 + Level 1.4 Stealth
 + Level 9.2 Shields
 * Level 4.5 Spellcasting
 * Level 4.4 Charms
 + Level 2.7 Invocations


You had 20 spell levels left.
You knew the following spells:

 Your Spells              Type           Power        Failure   Level  Hunger
a - Infusion              Chrm           ##..         28%         1    #......


Dungeon Overview and Level Annotations

Branches:
Dungeon (14/15)            Temple (1/1) D:5            Lair (0/6) D:10
    Orc (0/2) D:9
 Vaults: D:13-14

Altars:
Ashenzari
Cheibriados
Dithmenos
Elyvilon
Fedhas
Gozag
Kikubaaqudgha
Makhleb
Nemelex Xobeh
Okawaru
Qazlal
Ru
Sif Muna
Trog
Uskayaw
Vehumet
Xom
Yredelemnul
The Shining One

Portals:
Trove: D:13 (give 4 scrolls of blinking)

Annotations:
D:6 RudyRod's ghost, novice OgFi
D:10 1 runed door, exclusion: orange crystal statue


Innate Abilities, Weirdness & Mutations

You have a pair of large horns on your head.
You are surrounded by a mild repulsion field. (EV +2)
Your flesh is heat resistant. (rF+)
You resist negative energy. (rN+)
You are partially covered in sharp spines.
You are immune to clouds of flame.
You are resistant to hostile enchantments. (MR+)
You are occasionally teleported next to monsters.
[You are very clumsy. (Dex -4)]
[Your body often deteriorates upon taking damage.]
[You are very frail. (-20% HP)]
[You are very weak. (Str -4)]


Message History

The smoke demon roars!
The sixfirhy is engulfed in noxious fumes. x2
The sixfirhy appears confused.
The spatial maelstrom closely misses you.
The spatial maelstrom misses you. The swamp drake closely misses you.
The worldbinder closely misses you.
The worldbinder hits you but does no damage.
A ynoxinul comes into view.
You're too confused to move!
The swamp drake is struck by your spines.
The swamp drake bites you but does no damage.
The smoke demon gestures at you. Something smites you!
* * * LOW HITPOINT WARNING * * *
Your body deteriorates!
You feel clumsy. The worldbinder closely misses you.
The worldbinder hits you but does no damage.
The ynoxinul gestures.
The smoke demon gestures at you. Something smites you!
You die...

##.........5... #
###...3...8.bX.... .. #
#.##..5...b......# .#≈
...........§.....##.#.#
.3.........bb.##...##
##....Y..3....#.# .
#..evykvYb....#.##
#.##33x*4...###v.##
#.#@k*.# #..#....#
##..X#'##. #.# ##.
....###.....### #.. .
.##. #########.#. #.. #
.. .#$# . ## # . # #.
... # . # ##.. . # .


You could see a starcursed mass, 2 spatial maelstroms, a statue, 2 wretched
stars, a large abomination, an ice devil, a deep elf mage, a worldbinder, a
sixfirhy (confused), 3 smoke demons, a ynoxinul, 2 swamp drakes, a vampire
mosquito, 2 ice beasts and an ufetubus.

Vanquished Creatures
  Rupert (D:12)
  Harold (D:11)
  Erolcha (D:9)
  Fannar (D:12)
  A vault guard (D:13)
  An ice dragon (D:10)
  A centaur warrior (D:13)
  3 two-headed ogres
  7 death yaks
  Sonja (D:13)
  A thrashing horror (Abyss:3)
  A sixfirhy (Abyss:3)
  A wolf spider zombie (D:13)
  2 ugly things
  2 cyclopes
  A deep elf mage (D:14)
  2 manticores
  The ghost of Bundty the Grappler, a novice TrFi (D:5)
  A gargoyle (D:13)
  2 centaur skeletons
  3 komodo dragons
  7 trolls
  6 slime creatures
  3 hippogriffs
  Prince Ribbit (D:5)
  A vampire (D:10)
  2 wyverns
  5 yaks (D:11)
  Grum (D:9)
  Eustachio (D:4)
  2 hungry ghosts
  Menkaure (D:7)
  An acid dragon (D:14)
  3 soldier ants
  An eye of draining (D:10)
  6 orc warriors
  A sky beast (D:8)
  2 black bears
  2 ice beasts (D:12)
  6 ogres
  2 necrophages
  5 phantoms
  15 centaurs
  A small abomination (Abyss:3)
  4 wolves
  The ghost of bmj180 the Covered, an amateur HaFi (D:3)
  4 big kobolds
  Blork the orc (D:4)
  12 bullfrogs
  A gnoll sergeant (D:4)
  2 troll zombies (D:9)
  A wyvern zombie (D:12)
  2 wyvern skeletons
  4 scorpions
  5 killer bees (D:11)
  4 howler monkeys
  8 crimson imps
  2 bullfrog zombies
  2 centaur zombies
  A lava snake (D:12)
  2 quasits
  3 jellies
  7 orc priests
  Crazy Yiuf (D:7)
  7 hounds
  11 orc wizards
  4 iguanas
  7 worker ants
  4 ogre zombies (D:9)
  3 hound skeletons
  6 gnolls
  15 adders
  3 oozes
  2 adder skeletons (D:9)
  A worm (D:3)
  3 dart slugs
  3 leopard geckos
  40 orcs
  4 giant cockroaches
  5 goblins
  7 hobgoblins
  11 jackals
  22 kobolds
  3 quokkas
  A ball python (D:3)
  5 bats
  5 frilled lizards
  2 goblin zombies (D:9)
  A hobgoblin skeleton (D:9)
  3 hobgoblin zombies (D:9)
  A leopard gecko skeleton (D:7)
  A leopard gecko zombie (D:8)
  5 orc skeletons (D:9)
  8 orc zombies (D:9)
  A quokka skeleton (D:4)
  3 rats
374 creatures vanquished.

Vanquished Creatures (others)
  A wizard (D:14)
  An orc warrior (D:8)
2 creatures vanquished.

Grand Total: 376 creatures vanquished

Notes
Turn   | Place    | Note
-------+----------+-------------------------------------------
     0 | D:1      | RudyRod the Demonspawn Fighter began the quest for the Orb.
     0 | D:1      | Reached XP level 1. HP: 18/18 MP: 1/1
   182 | D:1      | Gained mutation: You are surrounded by a mild repulsion field. (EV +2) [demonic ancestry]
   182 | D:1      | Reached XP level 2. HP: 16/24 MP: 2/2
   619 | D:1      | Reached skill level 2 in Long Blades
   859 | D:2      | Gained mutation: You are partially covered in sharp spines. [demonic ancestry]
   859 | D:2      | Reached XP level 3. HP: 24/29 MP: 3/3
  1118 | D:2      | Found a sparkling altar of Nemelex Xobeh.
  1800 | D:3      | Gained mutation: You have a pair of small horns on your head. [demonic ancestry]
  1800 | D:3      | Reached XP level 4. HP: 34/35 MP: 4/4
  2042 | D:3      | Found a deep blue altar of Sif Muna.
  2139 | D:3      | Reached skill level 1 in Dodging
  2156 | D:3      | Noticed bmj180's ghost (amateur HaFi)
  2171 | D:3      | Killed bmj180's ghost
  2171 | D:3      | Reached skill level 3 in Long Blades
  2171 | D:3      | Reached XP level 5. HP: 22/41 MP: 5/5
  2515 | D:3      | Found a shadowy altar of Dithmenos.
  2517 | D:3      | Found a shimmering altar of Xom.
  2519 | D:3      | Found a glowing golden altar of the Shining One.
  2672 | D:4      | Gained mutation: Your flesh is heat resistant. (rF+) [demonic ancestry]
  2672 | D:4      | Reached XP level 6. HP: 32/48 MP: 6/6
  2821 | D:4      | Reached skill level 4 in Long Blades
  3018 | D:4      | Noticed Eustachio
  3130 | D:4      | Gained mutation: You have a pair of horns on your head. [demonic ancestry]
  3130 | D:4      | Reached XP level 7. HP: 54/54 MP: 7/7
  3147 | D:4      | Noticed Blork the orc
  3263 | D:4      | Killed Eustachio
  3311 | D:4      | Found a hide-covered altar of Uskayaw.
  3372 | D:4      | Killed Blork the orc
  3479 | D:5      | Entered Level 5 of the Dungeon
  3514 | D:5      | Reached skill level 5 in Long Blades
  3544 | D:5      | Noticed Bundty's ghost (novice TrFi)
  3978 | D:5      | Killed Bundty's ghost
  3978 | D:5      | Gained mutation: You are immune to clouds of flame. [demonic ancestry]
  3978 | D:5      | Reached XP level 8. HP: 61/61 MP: 8/8
  4099 | D:5      | Found a radiant altar of Vehumet.
  4141 | D:5      | Found a staircase to the Ecumenical Temple.
  4148 | Temple   | Entered the Ecumenical Temple
  4236 | Temple   | Became a worshipper of Warmaster Okawaru
  4353 | D:5      | Found a white marble altar of Elyvilon.
  4477 | D:5      | Noticed Prince Ribbit
  4490 | D:5      | Killed Prince Ribbit
  4490 | D:5      | Reached skill level 5 in Fighting
  4490 | D:5      | Reached skill level 6 in Long Blades
  4754 | D:6      | Found an ancient bone altar of Kikubaaqudgha.
  4781 | D:6      | Reached * piety under Okawaru
  4875 | D:6      | Reached skill level 5 in Armour
  5317 | D:6      | Noticed RudyRod's ghost (novice OgFi)
  5720 | D:7      | Reached skill level 5 in Shields
  5950 | D:6      | Reached XP level 9. HP: 43/68 MP: 9/9
  6320 | D:7      | Found an opulent altar of Gozag.
  6540 | D:7      | Found a burning altar of Makhleb.
  6640 | D:7      | Reached skill level 7 in Long Blades
  6895 | D:7      | Noticed Menkaure
  6901 | D:7      | Killed Menkaure
  6901 | D:7      | Reached ** piety under Okawaru
  6960 | D:7      | Found a runed door.
  7032 | D:7      | Noticed Crazy Yiuf
  7040 | D:7      | Killed Crazy Yiuf
  7628 | D:8      | Reached skill level 5 in Dodging
  7651 | D:8      | Reached skill level 1 in Stealth
  8180 | D:8      | Reached *** piety under Okawaru
  8180 | D:8      | Gained mutation: You have a pair of large horns on your head. [demonic ancestry]
  8180 | D:8      | Reached XP level 10. HP: 72/76 MP: 10/10
  8864 | D:9      | Reached skill level 8 in Long Blades
  9198 | D:9      | Noticed a two-headed ogre
  9325 | D:9      | Found a staircase to the Orcish Mines.
  9506 | D:9      | Killed a two-headed ogre
  9506 | D:9      | Reached **** piety under Okawaru
  9668 | D:9      | Noticed a two-headed ogre
  9679 | D:9      | Killed a two-headed ogre
  9895 | D:9      | Noticed a two-headed ogre
  9895 | D:9      | Noticed Grum
  9926 | D:8      | Killed a two-headed ogre
  9926 | D:8      | Reached skill level 9 in Long Blades
  9932 | D:8      | Reached XP level 11. HP: 60/83 MP: 11/11
  9953 | D:9      | Killed Grum
 10007 | D:9      | Found a sacrificial altar of Ru.
 10036 | D:9      | Noticed Erolcha
 10054 | D:9      | Killed Erolcha
 10054 | D:9      | Reached ***** piety under Okawaru
 10530 | D:9      | Received a gift from Okawaru
 10754 | D:10     | Entered Level 10 of the Dungeon
 10924 | D:10     | Noticed an ice dragon
 10962 | D:10     | Killed an ice dragon
 10962 | D:10     | Reached skill level 1 in Invocations
 11103 | D:10     | Noticed a death yak
 11125 | D:10     | Killed a death yak
 11357 | D:10     | Noticed a death yak
 11358 | D:10     | Noticed a death yak
 11358 | D:10     | Noticed a death yak
 11358 | D:10     | Noticed a death yak
 11358 | D:10     | Noticed a death yak
 11359 | D:10     | Noticed a death yak
 11372 | D:10     | Killed a death yak
 11373 | D:10     | Found a staircase to the Lair.
 11411 | D:9      | Killed a death yak
 11411 | D:9      | Received a gift from Okawaru
 11703 | D:9      | Killed a death yak
 11724 | D:9      | Killed a death yak
 11724 | D:9      | Reached skill level 10 in Long Blades
 11959 | D:9      | Killed a death yak
 11986 | D:9      | Killed a death yak
 12221 | D:10     | Learned a level 1 spell: Infusion
 12332 | D:10     | Found a runed door.
 12348 | D:10     | Found a runed door.
 12364 | D:10     | Noticed an orange crystal statue
 12382 | D:10     | Found a runed door.
 12399 | D:10     | Found a runed door.
 12768 | D:11     | Gained mutation: You resist negative energy. (rN+) [demonic ancestry]
 12768 | D:11     | Reached XP level 12. HP: 91/91 MP: 13/13
 12804 | D:11     | Reached skill level 1 in Charms
 13070 | D:11     | Reached skill level 1 in Spellcasting
 13594 | D:11     | Noticed Harold
 13618 | D:11     | Killed Harold
 13618 | D:11     | Received a gift from Okawaru
 13630 | D:11     | Identified a +1 pair of boots of running (Okawaru gifted it to you on level 11 of the Dungeon)
 13973 | D:12     | Noticed Fannar
 14025 | D:12     | Killed Fannar
 14517 | D:12     | Noticed Rupert
 14555 | D:12     | Killed Rupert
 14555 | D:12     | Reached skill level 11 in Long Blades
 15136 | D:13     | Noticed a tengu warrior
 15512 | D:13     | Reached XP level 13. HP: 98/98 MP: 18/18
 15691 | D:13     | Gained mutation: You are occasionally teleported next to monsters. [potion of mutation]
 15691 | D:13     | Gained mutation: You are resistant to hostile enchantments. (MR+) [potion of mutation]
 15735 | D:13     | Found a portal to a secret trove of treasure.
 15791 | D:13     | Noticed Sonja
 15802 | D:13     | Killed Sonja
 15802 | D:13     | Received a gift from Okawaru
 16314 | D:14     | Found a bloodstained altar of Trog.
 17068 | D:14     | Cast into level 3 of the Abyss (a wizard)
 17068 | Abyss:3  | Found a corrupted altar of Lugonu.
 17181 | Abyss:3  | Noticed a purple very ugly thing
 17270 | Abyss:3  | Noticed a starcursed mass
 17274 | Abyss:3  | Killed from afar by a smoke demon

Skill      XL: |  1  2  3  4  5  6  7  8  9 10 11 12 13 |
---------------+----------------------------------------+-----
Armour         | 3 4 5 6 7 8 |  8.9
Long Blades    | 2 3 4 5 6 7 9 10 11 | 11.4
Shields        | 3 4 5 6 7 8 9 |  9.2
Dodging        | 1 2 3 4 5 6 7 8 |  8.9
Fighting       | 4 5 6 7 8 |  8.5
Stealth        | 1 |  1.4
Invocations    | 2 |  2.7
Charms         | 3 4 |  4.4
Spellcasting   | 3 4 |  4.5

Action                   |  1- 3 |  4- 6 |  7- 9 | 10-12 | 13-15 || total
-------------------------+-------+-------+-------+-------+-------++-------
Melee: Long sword        |   105 |   124 |   324 |   880 |   155 ||  1588
       Headbutt          |       |    20 |    58 |   218 |    47 ||   343
Invok: Heroism           |       |       |       |    13 |     2 ||    15
       Finesse           |       |       |       |     1 |       ||     1
  Use: Potion            |       |     3 |     7 |     8 |     3 ||    21
       Scroll            |       |       |    10 |     1 |    10 ||    21
  Eat: Chunk             |     3 |     4 |     9 |    15 |     2 ||    33
       Ration            |       |       |     2 |     4 |     1 ||     7
Armor: Scale mail        |    44 |     2 |       |       |       ||    46
       Pearl dragon scal |       |    58 |    96 |   262 |    64 ||   480
Dodge: Dodged            |    41 |    43 |   112 |   351 |    91 ||   638
Block: Shield            |    66 |    59 |   144 |   539 |    84 ||   892
       Rpst.: Long sword |    12 |     6 |    26 |    82 |     7 ||   133
